 Dungeon Crawl Stone Soup version 0.29-a0-103-g37f86683bf (webtiles) character file.

Game seed: 16389441826308630392

726 drugrobin the Poker (level 7, 0/53 HPs)
             Began as a Demigod Warper on Feb 16, 2022.
             Slain by a gnoll (7 damage)
             ... on level 4 of the Dungeon.
             The game lasted 00:12:59 (5349 turns).

drugrobin the Poker (Demigod Warper)                Turns: 5349, Time: 00:12:59

Health: 0/53       AC:  3    Str: 19    XL:     7   Next: 20%
Magic:  9/12       EV: 13    Int: 12    God:
Gold:   233        SH:  0    Dex: 17    Spells: 1/9 levels left

rFire   . . .      SeeInvis .   w - +9 mace of World Downfall {venom, Fly rC+ Str+3 Int-3}
rCold   + . .      Faith    .   (no shield)
rNeg    . . .      Spirit   .   m - +0 leather armour
rPois   +          Reflect  .   (no helmet)
rElec   .          Harm     .   (no cloak)
rCorr   .          Rampage  .   (no gloves)
Will    .....                   (no boots)
Stlth   +.........              (no amulet)
HPRegen 0.17/turn               y - ring of poison resistance
MPRegen 0.13/turn               (no ring)

@: on blink cooldown, flying
A: high MP 1, forlorn, divine attributes
a: no special abilities


You were on level 4 of the Dungeon.
You visited 1 branch of the dungeon, and saw 5 of its levels.

You collected 233 gold pieces.

Inventory:

Hand Weapons
 a - a +0 spear
 b - a +0 hunting sling of flaming
 c - a +1 dagger of venom
 d - the +8 mace of Pewienah {spect, Str+2 Int-4 Stlth+}
   (You found it on level 2 of the Dungeon)

   When its wielder attacks, the weapon's spirit leaps out and strikes again.
   The spirit shares a part of any damage it takes with its wielder.
   Str:       It affects your strength (+2).
   Int:       It affects your intelligence (-4).
   Stlth:     It makes you more stealthy.
 e - a +3 quarterstaff of chaos
 o - a +0 halberd
 w - the +9 mace of World Downfall (weapon) {venom, Fly rC+ Str+3 Int-3}
   (You found it on level 2 of the Dungeon)

   It poisons the flesh of those it strikes.
   Str:       It affects your strength (+3).
   Int:       It affects your intelligence (-3).
   rC:        It protects you from cold.
   Fly:       It grants you flight.
Missiles
 s - 7 boomerangs of dispersal
 u - 177 stones (quivered)
 x - 9 boomerangs
 B - 47 sling bullets
Armour
 m - a +0 leather armour (worn)
 v - a +0 cloak
Magical Staves
 p - a staff of death
 E - a staff of conjuration
Jewellery
 j - a ring of fire
 y - a ring of poison resistance (left hand)
Scrolls
 g - a scroll of silence {unknown}
 h - 3 scrolls of identify
 i - 2 scrolls of fear {unknown}
 l - a scroll of blinking
 n - a scroll of acquirement {unknown}
 r - a scroll of enchant armour {unknown}
 t - 2 scrolls of amnesia {unknown}
 z - 2 scrolls of fog {unknown}
 A - 2 scrolls of magic mapping {unknown}
 C - 3 scrolls of teleportation {unknown}
Potions
 f - a potion of mutation
 k - a potion of magic {unknown}
 q - a potion of flight {unknown}
 D - a potion of degeneration {unknown}


   Skills:
 + Level 1.8 Fighting
 + Level 7.0 Polearms
 - Level 0.8 Throwing
 - Level 0.8 Armour
 + Level 3.5 Dodging
 - Level 1.7 Spellcasting
 + Level 2.8 Translocations


You had one spell level left.
You knew the following spells:

 Your Spells              Type           Power      Damage    Failure   Level
a - Blink                 Tloc           14%        N/A       16%         2
b - Teleport Other        Tloc           7%         N/A       30%         3
c - Gell's Gravitas       Tloc           7%         N/A       30%         3

Your spell library contained the following spells:

 Spells                   Type           Power      Damage    Failure   Level
 Lesser Beckoning         Tloc           7%         N/A       30%         3
 Manifold Assault         Tloc           7%         N/A       96%         5


Dungeon Overview and Level Annotations

Branches:
Dungeon (5/15)
 Temple: D:4-7

Shops:
D:1 :


Innate Abilities, Weirdness & Mutations

You have an increased reservoir of magic. (+10% MP)
You shall have no god before yourself.
Your divine heritage dramatically boosts your attributes as you level up.


Message History

The gnoll seems to speed up.
You see here 6 boomerangs.
x - 9 boomerangs (gained 6)
A hound comes into view.
There is a stone staircase leading up here.
The hound barks!
The gnoll hits you with a +0 flail. x2
You fly upwards.
There is a stone staircase leading down here.
You closely miss the gnoll. The gnoll hits you with a +0 flail. x2
The gnoll hits you with a +0 flail!
You closely miss the gnoll. The gnoll closely misses you.
The gnoll barely misses you. The gnoll hits you with a +0 flail!
The gnoll barely misses you. The gnoll misses you.
Cast which spell? (? or * to list)
You blink.
The gnoll barely misses you.
You barely miss the gnoll. The gnoll hits you with a +0 flail.
* * * LOW HITPOINT WARNING * * *
Unknown command.
Unknown command.
You feel stable enough to blink again. The gnoll hits you with a +0 flail!
* * * LOW HITPOINT WARNING * * *
Casting: Blink (safe; 16% risk of failure)
Confirm with . or Enter, or press ? or * to list all spells.
You blink.
Okay, then.
You aren't carrying any items that you can evoke.
You are too injured to fight recklessly!
Unknown command.
Unknown command.
As you read the scroll labelled ULOYNA JUHAJ, it crumbles to dust.
It is a scroll of identify.
f - a potion of mutation Unknown command.
Unknown command.
You barely miss the gnoll. The gnoll hits you with a +0 flail!
You die...

......................#
#...#.###
#####.#.######.##.#####
#...#.##.
....#...##........#
#...#....
#........#........###
#...####.
#......>............#
#...# #.
#........#........#.#
#...####.
#........#...g...##.#
#........
#........#.......##.#
########.
#........#.....g@##.#
#...<..
#........#.......##.#
#......
#........##########.#
#...... ########## #.#
#...... #.# ##......
####.######'......
#......(...#......
#..........#......
#..........#......


You could see 2 gnolls.

Vanquished Creatures
  Sigmund (D:4)
  A bullfrog (D:4)
  2 hounds
  Crazy Yiuf (D:2)
  Jessica (D:2)
  2 iguanas (D:4)
  Natasha (thrice) (D:4)
  2 orc wizards
  A howler monkey zombie (D:3)
  6 adders
  4 gnolls (D:2)
  An adder skeleton (D:4)
  2 worms
  3 dart slugs
  8 orcs
  4 bats
  2 endoplasms (D:2)
  A giant cockroach (D:4)
  12 goblins
  9 hobgoblins
  6 jackals (D:1)
  7 kobolds
  7 quokkas
  3 ball pythons
  4 frilled lizards
  8 rats
101 creatures vanquished.

Notes
Turn   | Place    | Note
-------+----------+-------------------------------------------
     0 | D:1      | drugrobin the Demigod Warper began the quest for the Orb.
     0 | D:1      | Reached XP level 1. HP: 17/17 MP: 5/5
   125 | D:1      | Reached skill level 2 in Polearms
   325 | D:1      | Reached XP level 2. HP: 11/24 MP: 7/7
   495 | D:1      | Found Bigram's Book Emporium.
   844 | D:1      | Reached skill level 3 in Polearms
  1222 | D:1      | Reached XP level 3. HP: 28/29 MP: 8/8
  1565 | D:2      | Noticed Jessica
  1572 | D:2      | Killed Jessica
  1845 | D:2      | Reached skill level 4 in Polearms
  1998 | D:2      | Reached XP level 4. HP: 35/36 MP: 9/9
  2931 | D:2      | Identified the +8 mace of Pewienah {spect, Str+2 Int-4
                  | Stlth+}
  2956 | D:2      | Found a runed translucent door.
  2957 | D:2      | Noticed Crazy Yiuf
  2977 | D:2      | Killed Crazy Yiuf
  2978 | D:2      | Reached skill level 5 in Polearms
  2978 | D:2      | Reached XP level 5. HP: 28/41 MP: 10/10
  2995 | D:2      | Identified the +9 mace of World Downfall {venom, Fly rC+
                  | Str+3 Int-3}
  4007 | D:4      | Reached skill level 6 in Polearms
  4007 | D:4      | Reached XP level 6. HP: 31/48 MP: 11/11
  4376 | D:4      | Noticed Sigmund
  4401 | D:4      | Killed Sigmund
  4586 | D:4      | Noticed Natasha
  4594 | D:4      | Killed Natasha
  4595 | D:4      | Reached XP level 7. HP: 33/53 MP: 12/12
  4991 | D:4      | Learned a level 2 spell: Blink
  4995 | D:4      | Learned a level 3 spell: Teleport Other
  4999 | D:4      | Learned a level 3 spell: Gell's Gravitas
  5139 | D:4      | Noticed Natasha
  5147 | D:4      | Killed Natasha
  5148 | D:4      | Reached skill level 7 in Polearms
  5194 | D:4      | Noticed Natasha
  5207 | D:4      | Killed Natasha
  5324 | D:5      | Entered Level 5 of the Dungeon
  5349 | D:4      | Slain by a gnoll

Illustrated notes

Levels and vault maps discovered:
D:1:      minmay_arrival_split_and_join, layout_basic, serial_shops, shop
D:2:      layout_basic, ebering_ecumenical_altar_sacrificial, basic_altar,
          minmay_misc_feat_five, nicolae_grassy_gnolls, uniq_crazy_yiuf_cottage,
          uniq_jessica
D:3:      layout_basic, grunt_ministairs_8, chequers_decorated_corner
D:4:      layout_basic, uniq_sigmund, uniq_natasha
D:5:      layout_layer_cave, minmay_misc_feat_tower

Skill      XL: |  1  2  3  4  5  6  7 |
---------------+----------------------+-----
Polearms       | 2 3 4 5 6 7 |  7.0
Dodging        | 3 |  3.5
Fighting       | |  1.8
Throwing       | |  0.8
Armour         | |  0.8
Spellcasting   | |  1.7
Translocations | |  2.8

Action                   |  1- 3 |  4- 6 |  7- 9 || total
-------------------------+-------+-------+-------++-------
Melee: Spear             |   114 |    24 |       ||   138
       Punch             |     3 |       |       ||     3
       Dagger            |    20 |    15 |       ||    35
       Halberd           |       |     6 |       ||     6
       Mace              |       |    74 |    35 ||   109
 Fire: Hunting sling     |     6 |    12 |       ||    18
Throw: Stone             |    17 |     3 |       ||    20
       Boomerang         |       |     1 |       ||     1
 Cast: Blink             |       |       |     2 ||     2
  Use: Scroll            |       |       |     1 ||     1
 Stab: Sleeping          |     1 |     1 |       ||     2
Armor: Leather armour    |    21 |    19 |     7 ||    47
Dodge: Dodged            |    60 |    76 |    26 ||   162

Table legend: (Time is in decaauts)
 A = Elapsed time spent in this place.
 B = Non-inter-level travel time spent in this place.
 C = Inter-level travel time spent in this place.
 D = Time resting spent in this place.
 E = Time spent auto-exploring this place.
 F = Levels seen in this place.
 G = Mean time per level.
                   A        B        C        D        E       F      G
               +--------+--------+--------+--------+--------+-----+--------+
         Total |   5381 |   5250 |    131 |    637 |   3503 |   5 | 1076.2 |
       Dungeon |   5381 |   5250 |    131 |    637 |   3503 |   5 | 1076.2 |
               +--------+--------+--------+--------+--------+-----+--------+

Top non-repeatable levels by time:
     D:2: 1694 daAuts
     D:1: 1469 daAuts
     D:4: 1383 daAuts
     D:3: 822 daAuts
     D:5: 10 daAuts
